AoeStats
← Flowrider

Arena

508729958Analyzed
2v2 RM · 8d ago on Sep 23, 2026· 47m 45s· 4 players
Game mode
Random Map
Map size
Medium (4 player)
Population
200
Speed
Normal
Resources
Standard
Victory
Conquest
Starting age
Dark Age
Ending age
Imperial Age
RankedLock teamsTeams togetherTeam positionsShared explorationLock speedFull tech treeHidden civsTurbo modeCheats
Victory
Defeat
🇹🇷 Burgundians · Türkiye
782
+16
🇩🇪 Teutons · Germany
736
+18
🇨🇱 Varangians · Chile
826
-18
🇨🇱 Byzantines · Chile
753
-16
Borix7138
17:02 Feudal Age
18:26 Double-Bit Axe
18:26 Horse Collar
21:14 Castle Age
22:15 Gold Mining
23:07 Pikeman
26:02 Arson
26:38 Elite Skirmisher
28:33 Wheelbarrow
28:15 Bow Saw
28:09 Heavy Plow
31:26 Hand Cart
32:22 Ballistics
31:43 Treadmill Crane
35:39 Forging
35:30 Scale Mail Armor
36:48 Fortified Wall
39:35 Imperial Age
38:33 Gold Shaft Mining
41:14 Chain Mail Armor
43:18 Onager
46:21 Chemistry
Shantzung
10:14 Feudal Age
10:40 Double-Bit Axe
10:40 Horse Collar
19:48 Castle Age
18:14 Stone Mining
20:46 Light Cavalry
22:09 Wheelbarrow
21:38 Heavy Plow
21:50 Bow Saw
23:51 Scale Barding Armor
24:01 Bloodlines
28:17 Pikeman
29:22 Forging
29:12 Scale Mail Armor
37:36 Elite Skirmisher
40:59 Fortified Wall
41:28 Gold Mining
42:13 Stone Shaft Mining
42:02 Ballistics
42:22 Iron Casting
41:48 Scale Mail Armor
41:39 Fletching
41:49 Padded Archer Armor
42:50 Hand Cart
42:54 Elite Skirmisher
45:49 Bodkin Arrow
45:54 Padded Archer Armor
Alaz
9:39 Feudal Age
9:24 Double-Bit Axe
10:52 Bow Saw
14:07 Horse Collar
16:58 Castle Age
16:33 Heavy Plow
20:15 Cavalier
22:00 Two-Man Saw
21:49 Forging
21:45 Scale Barding Armor
21:31 Fletching
22:35 Wheelbarrow
21:46 Town Watch
24:08 Crop Rotation
26:35 Fortified Wall
26:45 Ballistics
26:26 Town Watch
26:56 Hand Cart
27:13 Burgundian Vineyards
27:35 Gold Mining
27:35 Stone Mining
29:43 Iron Casting
29:28 Chain Barding Armor
30:44 Town Patrol
30:51 Bodkin Arrow
30:56 Padded Archer Armor
31:18 Husbandry
35:46 Imperial Age
38:21 Chemistry
38:53 Blast Furnace
38:29 Plate Barding Armor
37:54 Bracer
38:09 Leather Archer Armor
37:30 Elite Coustillier
41:03 Conscription
41:18 Hoardings
47:09 Capped Ram
Flowrider
11:18 Feudal Age
11:58 Double-Bit Axe
11:54 Horse Collar
18:48 Castle Age
17:15 Gold Mining
17:15 Stone Mining
20:46 Bow Saw
20:39 Heavy Plow
21:51 Stone Shaft Mining
26:08 Squires
25:29 Pikeman
27:15 Scale Mail Armor
33:05 Gambesons
33:06 Arson
35:59 Imperial Age
34:07 Wheelbarrow
36:44 Hand Cart
37:57 Chemistry
37:18 Ballistics
36:43 Cavalier
38:39 Crop Rotation
39:44 Forging
39:49 Chain Mail Armor
39:25 Fletching
39:35 Padded Archer Armor
39:41 Scale Barding Armor
41:46 Elite Teutonic Knight
46:27 Ironclad
46:38 Crenellations
Connection lost

Rejoining the realm…

Still unreachable

The connection could not be restored.

Session expired

The server has moved on; the page needs a fresh start.